Map: Eternal Empire LE

Players

TYTY (TY)

  • Race: Terran Terran
  • League: Grandmaster
  • Spawn Location: 1:00

Trap - Winner!

  • Race: Protoss Protoss
  • League: Master
  • Spawn Location: 7:00

Event: DreamHack SC2 Masters 2020 Fall

VOD

Have the link to the VOD?

Description

Time

  • Played on: Sept. 15, 2020, 11:43 a.m.
  • Length: 11:05

All games in this series

Show
View Real Time Build Order
Export as new Build Order

TYTY Terran 

Build Orders: Gas First Reaper Expand 

Get SALT Encoding   

  12  0:00  SCV  
  13  0:12  SCV  
  14  0:17  Supply Depot  
  14  0:24  SCV  
  15  0:29  Refinery  
  15  0:38  SCV  
  16  0:44  Barracks  
  16  0:50  SCV  
  17  1:02  SCV  
  18  1:14  SCV  
  19  1:32  Orbital Command, Reaper  
  20  1:45  Command Center  
  20  1:56  Factory  
  20  1:57  SCV  
  21  2:06  Supply Depot  
  21  2:07  Barracks Reactor  
  21  2:10  SCV  
  22  2:22  SCV, Refinery  
  23  2:35  SCV  
  24  2:44  Starport  
  24  2:47  Hellion x2, SCV  
  29  2:56  Orbital Command  
  29  2:58  Barracks Tech Lab  
  29  2:59  SCV  
  34  3:14  Widow Mine x2  
  34  3:15  SCV  
  35  3:21  Viking  
  35  3:23  SCV  
  38  3:28  SCV  
  38  3:30  Supply Depot  
  39  3:36  Hellion  
  39  3:37  SCV  
  41  3:42  Marine  
  41  3:44  SCV  
  38  3:49  SCV  
  38  3:52  Orbital Command  
  38  3:53  Viking  
  40  3:57  SCV  
  40  4:00  Hellion  
  40  4:02  Marine  
  42  4:09  SCV  
  43  4:21  SCV  
  44  4:24  Command Center  
  44  4:26  SCV  
  44  4:27  Starport Tech Lab  
  47  4:33  SCV  
  47  4:36  Siege Tank  
  51  4:38  SCV  
  52  4:45  SCV  
  52  4:47  Raven  
  52  4:49  Supply Depot  
  53  4:55  Supply Depot  
  53  4:58  SCV  
  54  5:03  Barracks, Marine x2  
  54  5:07  Barracks  
  54  5:10  Siege Tank  
  54  5:13  SCV x2  
  56  5:23  Marine x2  
  56  5:25  SCV x2  
  60  5:37  Orbital Command, Barracks, SCV  
  60  5:38  Barracks  
  60  5:41  Marine x2  
  60  5:42  SCV  
  64  5:43  Supply Depot  
  64  5:46  Viking  
  60  5:57  SCV x2  
  60  5:58  Marine x2  
  60  6:03  Factory Reactor  
  64  6:08  Stimpack, Marine x2  
  64  6:10  SCV  
  64  6:11  SCV x2  
  68  6:14  Refinery x2  
  68  6:16  Marine x2  
  71  6:22  Engineering Bay  
  71  6:23  SCV x2  
  73  6:25  Barracks Reactor  
  73  6:26  Barracks Tech Lab, Marine x2  
  73  6:28  SCV  
  73  6:32  Supply Depot  
  76  6:33  Supply Depot  
  76  6:34  Marine x2  
  76  6:35  SCV  
  76  6:37  SCV  
  80  6:45  Marine  
  80  6:46  Orbital Command, Medivac, Marine x2  
  88  6:50  SCV x2  
  88  6:52  Marine  
  88  6:53  Factory Reactor  
  88  6:54  Missile Turret, Terran Infantry Weapons Level 1  
  88  7:00  Marine  
  89  7:01  Medivac  
  89  7:02  SCV x2  
  89  7:03  Marine  
  94  7:09  Marine x2  
  96  7:19  Medivac, Supply Depot, Marine x2  
  98  7:26  Marauder x3  
  98  7:29  Supply Depot  
  104  7:30  Missile Turret  
  104  7:31  Widow Mine  
  104  7:32  Widow Mine  
  104  7:33  Marine  
  109  7:38  Combat Shield  
  109  7:40  Marine  
  109  7:42  Supply Depot  
  110  7:44  Marine  
  110  7:46  Marine  
  110  7:47  Marine  
  110  7:48  Concussive Shells  
  110  7:50  Supply Depot  
  113  7:51  Marine x2  
  113  7:53  Marine  
  113  7:58  Marine  
  116  8:01  SCV x2  
  116  8:02  Marine  
  116  8:03  Medivac x2  
  116  8:05  Marine  
  125  8:08  Widow Mine  
  125  8:09  Widow Mine  
  125  8:11  Marine  
  129  8:13  Marauder x2  
  129  8:14  Marauder  
  129  8:18  Marine  
  136  8:20  Marine  
  134  8:27  Marine  
  134  8:29  SCV  
  134  8:33  Supply Depot x2  
  134  8:39  Marauder x2, Marine x3  
  134  8:40  Missile Turret  
  137  8:42  Widow Mine x2  
  137  8:44  Orbital Command  
  141  8:53  Marine  
  141  8:54  Marine  
  141  8:55  Medivac x2  
  146  8:57  Marine x2  
  146  8:59  Marine  
  146  9:01  Marauder x2  
  150  9:16  Supply Depot  
  149  9:17  Supply Depot  
  148  9:33  Marine  
  148  9:34  Marauder, Marine x2  
  148  9:35  Marauder x2, Marine  
  148  9:37  Widow Mine  
  124  9:44  SCV x2  
  106  9:46  SCV  
  106  9:51  Marine  
  106  9:54  Marine x2  
  106  9:56  SCV  
  106  9:57  Marine  
  106  9:58  Marine  
  91  10:00  SCV x2  
  91  10:04  Widow Mine  
Show
View Real Time Build Order
Export as new Build Order

Trap Protoss - Winner!

Build Orders: 1 Gate Expand, Oracle Opening 

Get SALT Encoding   

  12  0:00  Probe  
  13  0:12  Probe  
  14  0:18  Pylon  
  14  0:24  Probe  
  15  0:36  Probe (Chrono Boost)  
  15  0:37  Gateway  
  16  0:45  Probe (Chrono Boost)  
  16  0:47  Assimilator  
  17  0:50  Probe (Chrono Boost)  
  18  1:03  Probe  
  19  1:15  Probe  
  20  1:24  Nexus  
  20  1:33  Cybernetics Core  
  20  1:36  Probe  
  21  1:43  Assimilator  
  21  1:48  Probe  
  22  1:54  Pylon  
  22  2:00  Probe  
  23  2:10  Adept (Chrono Boost)  
  23  2:13  Probe  
  26  2:19  Stargate  
  26  2:25  Probe  
  26  2:28  Warp Gate  
  27  2:31  Adept (Chrono Boost)  
  27  2:37  Probe (Chrono Boost)  
  29  2:43  Probe (Chrono Boost)  
  30  2:46  Probe (Chrono Boost)  
  30  2:50  Probe (Chrono Boost)  
  30  2:51  Probe (Chrono Boost)  
  32  2:54  Adept  
  35  3:01  Probe  
  35  3:03  Probe  
  37  3:06  Oracle (Chrono Boost)  
  37  3:12  Pylon  
  40  3:13  Probe  
  40  3:15  Probe  
  42  3:27  Gateway  
  42  3:29  Gateway, Probe  
  42  3:31  Probe  
  44  3:34  Oracle (Chrono Boost)  
  47  3:47  Probe x2  
  46  3:59  Probe x2  
  48  4:07  Oracle (Chrono Boost)  
  49  4:12  Pylon  
  49  4:17  Probe x2  
  49  4:20  Nexus  
  51  4:29  Pylon  
  51  4:32  Stalker x3  
  51  4:37  Probe x2  
  57  4:49  Phoenix  
  57  4:50  Probe  
  57  4:51  Probe  
  59  4:53  Assimilator x2  
  59  4:54  Pylon  
  59  5:03  Probe x2  
  61  5:16  Probe  
  61  5:17  Probe  
  61  5:18  Forge  
  61  5:19  Twilight Council  
  63  5:25  Robotics Facility  
  63  5:28  Pylon  
  63  5:29  Probe x2 (Chrono Boost)  
  63  5:33  Probe (Chrono Boost)  
  66  5:40  Stalker  
  66  5:41  Stalker, Probe x2 (Chrono Boost)  
  66  5:42  Stalker  
  74  5:43  Pylon  
  74  5:44  Probe (Chrono Boost)  
  74  5:46  Probe (Chrono Boost)  
  74  5:48  Probe (Chrono Boost)  
  76  5:50  Probe  
  76  5:55  Probe  
  76  5:57  Blink (Chrono Boost)  
  79  5:59  Protoss Ground Weapons Level 1 (Chrono Boost), Probe  
  79  6:02  Probe  
  81  6:07  Probe  
  82  6:15  Gateway  
  82  6:16  Gateway  
  82  6:17  Gateway  
  82  6:23  Stalker x2  
  82  6:24  Stalker  
  88  6:27  Probe x2  
  88  6:28  Probe  
  88  6:29  Pylon  
  88  6:31  Warp Prism (Chrono Boost)  
  91  6:38  Pylon  
  93  6:41  Probe x3  
  93  6:45  Pylon  
  96  6:50  Stalker x2  
  96  6:51  Stalker  
  102  6:58  Assimilator x2  
  102  6:59  Probe x3  
  105  7:01  Observer  
  106  7:19  Stalker x6  
  118  7:25  Nexus  
  118  7:28  Pylon  
  118  7:31  Probe x3  
  121  7:40  Robotics Bay, Charge (Chrono Boost)  
  121  7:41  Robotics Facility  
  121  7:46  Gateway  
  121  7:50  Gateway  
  121  7:53  Observer  
  121  7:55  Sentry x2  
  121  7:56  Zealot x4  
  131  8:01  Immortal (Chrono Boost), Pylon  
  131  8:02  Pylon  
  135  8:10  Protoss Ground Weapons Level 2  
  135  8:12  Shield Battery  
  134  8:27  Colossus (Chrono Boost)  
  134  8:28  Zealot x6  
  134  8:33  Pylon  
  152  8:34  Colossus (Chrono Boost)  
  156  8:45  Extended Thermal Lance  
  156  8:48  Shield Battery  
  156  8:49  Shield Battery  
  156  8:58  Zealot  
  156  8:59  Zealot x4, Sentry  
  166  9:21  Zealot  
  166  9:22  Zealot x7  
  118  9:43  Colossus (Chrono Boost)  
  118  9:44  Zealot x8  
  118  9:47  Observer (Chrono Boost)  
  119  10:04  Stalker x5  

Tags
 
Add a new tag
Caveats
  • Supply blocks, unpowered buildings, or Contaminate may cause inaccurate times.
  • Supply counts are checked every 10 seconds.